 Dungeon Crawl Stone Soup version 0.30.0-20-g3b4254fcbd (webtiles) character file.

Game seed: 3535689051492683747

1137 Irreverend the Shooter (level 8, -13/111 HPs)
             Began as a Naga Hunter on June 3, 2023.
             Killed by divine providence
             ... invoked by an orc priest
              (15 damage)
             ... on level 5 of the Dungeon.
             The game lasted 00:07:59 (5112 turns).

Irreverend the Shooter (Naga Hunter)                Turns: 5112, Time: 00:07:59

Health: -13/111    AC: 24    Str: 13    XL:     8   Next: 36%
Magic:  8/8        EV:  1    Int: 10    God:
Gold:   276        SH:  0    Dex: 23    Spells: 7/7 levels left

rFire   . . .        a - +0 shortbow
rCold   . . .        (shield currently unavailable)
rNeg    . . .        c - melded +0 leather armour
rPois   +            (helmet currently unavailable)
rElec   .            (cloak currently unavailable)
rCorr   +            (gloves currently unavailable)
SInv    +            (no barding)
Will    +....        s - amulet of the acrobat
Stlth   ++           d - +6 ring of dexterity
HPRegen 0.38/turn    w - ring of resist corrosion
MPRegen 0.11/turn

%: acrobat
@: short of breath, tree-form, attractive, studying Air Magic, invisible
A: stationary, stasis, torment immunity, boosted hp, AC +2, large, see
invisible, (deformed body), (poison resistance), (slowness 2), spit poison 1,
(naga tail 1)
a: Spit Poison


You were on level 5 of the Dungeon.
You were a tree.
You visited 1 branch of the dungeon, and saw 5 of its levels.

You collected 276 gold pieces.

Inventory:

Hand Weapons
 a - a +0 shortbow (weapon)
Armour
 c - a +0 leather armour (melded)
Jewellery
 d - a +6 ring of dexterity (left branch)
 s - an amulet of the acrobat (around neck)
 w - a ring of resist corrosion (right branch)
Scrolls
 b - 3 scrolls of immolation
 g - 5 scrolls of identify {unknown}
 i - a scroll of teleportation {unknown}
 j - a scroll of noise {unknown}
 k - 2 scrolls of vulnerability {unknown}
 t - a scroll of blinking {unknown}
 v - 2 scrolls of magic mapping {unknown}
 x - a scroll of enchant weapon {unknown}
Potions
 e - 2 potions of lignification
 f - a potion of curing
 l - a potion of heal wounds {unknown}
 m - 3 potions of haste
 n - a potion of invisibility
 o - a potion of flight {unknown}
 p - a potion of degeneration {unknown}
 q - a potion of mutation {unknown}
 r - a potion of resistance {unknown}
 u - 4 potions of brilliance {unknown}


   Skills:
 + Level 5.1 Fighting
 + Level 5.7 Ranged Weapons
 + Level 3.7 Armour
 + Level 4.2 Dodging
 - Level 1.5 Stealth


You had 7 spell levels left.
You didn't know any spells.
Your spell library contained the following spells:

 Spells                   Type           Power      Damage    Failure   Level
 Cigotuvi's Dreadful Rot  Necr/Pois/Air  0%         N/A       50%         2
 Ensorcelled Hibernation  Hex/Ice        0%         N/A       50%         2
 Passwall                 Tmut/Erth      0%         N/A       50%         2
 Gell's Gravitas          Tloc           0%         N/A       75%         3
 Ignite Poison            Fire/Tmut/Pois 0%         N/A       75%         3
 Swiftness                Air            0%         N/A       75%         3
 Teleport Other           Tloc           0%         N/A       75%         3
 Freezing Cloud           Conj/Ice/Air   0%         6-21      100%        5
 Dispersal                Tloc           0%         N/A       100%        6


Dungeon Overview and Level Annotations

Branches:
Dungeon (5/15)
 Temple: D:4-7

Altars:
Nemelex Xobeh
Qazlal

Shops:
D:1 =*!(

Annotations:
D:3 3 runed translucent doors, Jingleheimer's ghost, amateur DgHu
D:5 1 transporter


Innate Abilities, Weirdness & Mutations

You are a tree.
Your roots penetrate the ground, keeping you stationary.
You cannot be teleported.
You are immune to unholy pain and torment.
Your maximum health is greatly increased.
Your equipment is partially melded.
((Your serpentine skin is tough. (AC +2)))
You have supernaturally acute eyesight. (SInv)
((Armour fits poorly on your strangely shaped body.))
((Your system is resistant to poisons. (rPois)))
((You cover ground very slowly.))
You can spit poison.
((You have a snake-like lower body.))


Message History

You are too injured to fight recklessly!
You are too injured to fight recklessly!
The orc priest attacks as you move away!
The orc priest closely misses you.
The orc warrior attacks as you move away!
The orc warrior barely misses you. The orc warrior completely misses you.
The orc priest calls upon Beogh to heal the orc warrior.
The orc warrior's wounds heal themselves!
The orc warrior throws a boomerang.
The boomerang completely misses you.
The orc priest calls upon Beogh to heal the orc.
The orc's wounds heal themselves!
The orc warrior completely misses you.
The orc warrior throws a boomerang.
The boomerang completely misses you.
The orc warrior throws a boomerang.
The boomerang completely misses you.
Aiming: Spit Poison (1% risk of failure)
Press: ? - help, Shift-Dir - straight line, f/p - orc warrior
Aim: an orc warrior, wielding a +0 scimitar, wearing a +0 chain mail and quivering boomerangs (fast, 60% to hit)
The splash of poison misses the orc warrior.
The splash of poison hits the orc.
The orc is almost dead.
You shoot an arrow.
The arrow closely misses the orc warrior.
The arrow hits the orc.
You kill the orc!
The orc warrior hits you with a +0 scimitar!
* * * LOW HITPOINT WARNING * * *
The orc warrior hits you with a +0 scimitar.
* * * LOW HITPOINT WARNING * * *
You turn into a tree.
Your +0 leather armour melds into your body.
Your roots penetrate the ground.
The orc warrior hits you with a +0 scimitar!
* * * LOW HITPOINT WARNING * * *
It was a potion of attraction.
You feel attractive to monsters.
The orc warrior hits you but does no damage. x2
You fade into invisibility!
The orc warrior hits you but does no damage.
The orc priest invokes the aid of Beogh against you.
Beogh smites you!
You die...

................#.#.##........
.....)..#..[.#.#...#.........
#.........#...#..#..........
..........##....##.##.......
..######........<[.........#
.. #.)#.....[...........
#####............##.###.
......#.##..#######.# #.
......#♣#....# #.# #.
.>....#o#....### #.###.
......#o#......# #.....
......#....###.# #.....
.........### #.## #.....
........)# #..###.....
##..#....######.....###. ...
#.................#. ..
#.....÷.>.........#.


You could see an orc warrior (fast, unable to see you) and an orc priest (unable
to see you).

Vanquished Creatures
  Grinder (D:4)
  Sigmund (D:4)
  An ice beast (D:5)
  An ogre (D:5)
  A phantom (D:4)
  2 kobold brigands (D:4)
  A hound (D:4)
  2 jellies
  3 iguanas (D:4)
  3 orc wizards
  7 adders
  2 worms (D:2)
  3 dart slugs
  5 orcs
  5 endoplasms
  2 giant cockroaches
  4 goblins
  2 hobgoblins
  7 jackals
  4 quokkas
  8 ball pythons
  8 bats
  8 frilled lizards
  7 kobolds
  7 rats
95 creatures vanquished.

Notes
Turn   | Place    | Note
-------+----------+-------------------------------------------
     0 | D:1      | Irreverend the Naga Hunter began the quest for the Orb.
     0 | D:1      | Reached XP level 1. HP: 19/19 MP: 1/1
     4 | D:1      | Found Xaomaac's Assorted Antiques.
    42 | D:1      | Found Leygam's Distillery.
   125 | D:1      | Found Amistryce's Antique Weapon Boutique.
   174 | D:1      | Found Veng's Jewellery Boutique.
   439 | D:1      | Reached XP level 2. HP: 26/26 MP: 2/2
   892 | D:2      | Reached XP level 3. HP: 31/33 MP: 3/3
  1066 | D:2      | Reached skill level 1 in Armour
  1342 | D:2      | Reached XP level 4. HP: 31/40 MP: 4/4
  2410 | D:3      | Found a runed translucent gate.
  2410 | D:3      | Found a runed translucent gate.
  2410 | D:3      | Noticed Jingleheimer's ghost (amateur DgHu)
  2411 | D:3      | Found a runed translucent gate.
  2411 | D:3      | Noticed a kobold brigand
  2475 | D:4      | Reached XP level 5. HP: 36/49 MP: 5/5
  2593 | D:4      | Noticed Sigmund
  2596 | D:4      | Noticed Grinder
  2600 | D:4      | Killed Sigmund
  2601 | D:4      | Reached XP level 6. HP: 40/56 MP: 6/6
  2629 | D:4      | Killed Grinder
  2630 | D:4      | Reached XP level 7. HP: 37/64 MP: 7/7
  2900 | D:4      | Reached skill level 5 in Ranged Weapons
  3616 | D:5      | Entered Level 5 of the Dungeon
  3737 | D:5      | Found a stormy altar of Qazlal.
  4530 | D:4      | Reached XP level 8. HP: 54/73 MP: 8/8
  4759 | D:5      | Reached skill level 5 in Fighting
  5027 | D:5      | Found a sparkling altar of Nemelex Xobeh.
  5027 | D:5      | Found a transporter.
  5110 | D:5      | HP: 1/111 [orc warrior/+0 scimitar (10)]
  5112 | D:5      | Killed from afar by an orc priest

Illustrated notes

Levels and vault maps discovered:
D:1:      dpeg_arrival_windows_large_door, layout_basic, serial_shops,
          nicolae_shop_trees, shop, nicolae_shop_tiny_glass, shop
D:2:      layout_loops_ring, serial_glass, glass_columns_a, glass_columns_b
D:3:      layout_loops_ring, gammafunk_ghost_nasty_kobolds, minmay_lizard_king
D:4:      layout_loops_corners, uniq_grinder, uniq_sigmund
D:5:      cheibrodos_fertilizer, layout_rooms, grunt_nemelex_the_gamble,
          nicolae_qazlal_general_emergency

Skill      XL: |  1  2  3  4  5  6  7  8 |
---------------+-------------------------+-----
Dodging        | 2 3 4 |  4.2
Armour         | 1 2 3 |  3.7
Ranged Weapons | 4 5 |  5.7
Fighting       | 3 4 5 |  5.1
Stealth        | |  1.5

Action                     |  1- 3 |  4- 6 |  7- 9 || total
---------------------------+-------+-------+-------++-------
  Melee: Shortbow          |       |       |     2 ||     2
   Fire: Shortbow          |    78 |    98 |   162 ||   338
Ability: Spit Poison       |       |     3 |     2 ||     5
    Use: Potion            |       |     5 |     4 ||     9
 Armour: Leather armour    |     6 |     7 |    33 ||    46
         Skin              |       |     4 |     3 ||     7
  Dodge: Dodged            |     9 |    31 |    90 ||   130
